AoeStats
← Jaryn

Arabia

503289201Analyzed
2v2 RM · 1mo ago on Aug 31, 2026· 55m 41s· 4 players
Game mode
Random Map
Map size
Medium (4 player)
Population
200
Speed
Normal
Resources
Standard
Victory
Conquest
Starting age
Dark Age
Ending age
Imperial Age
RankedLock teamsTeams togetherTeam positionsShared explorationLock speedFull tech treeHidden civsTurbo modeCheats
Victory
Defeat
🇲🇽 Tupi · Mexico
1142
+12
🇲🇽 Khmer · Mexico
1021
+17
🇺🇸 Chinese · United States
1048
-14
🇺🇸 Burgundians · United States
1048
-14
Kae Bae
0:26 Loom
10:58 Feudal Age
11:53 Double-Bit Axe
15:07 Fletching
15:41 Gold Mining
16:17 Padded Archer Armor
22:06 Castle Age
22:25 Horse Collar
22:11 Crossbowman
23:49 Bodkin Arrow
24:33 Wheelbarrow
25:43 Bow Saw
26:35 Leather Archer Armor
28:27 Thumb Ring
29:22 Elite Skirmisher
32:20 Hand Cart
34:08 Town Watch
40:10 Imperial Age
38:02 Ballistics
39:22 Murder Holes
39:43 Heavy Plow
41:04 Bracer
41:34 Ring Archer Armor
42:09 Chemistry
46:31 Rocketry
46:37 Heavy Rocket Cart
50:39 Two-Man Saw
49:47 Man-at-Arms
50:41 Long Swordsman
Jaryn
7:19 Loom
10:40 Feudal Age
11:47 Double-Bit Axe
14:19 Scale Mail Armor
15:20 Horse Collar
15:53 Bow Saw
16:49 Arson
21:25 Castle Age
23:12 Scale Barding Armor
23:04 Gold Mining
24:14 Cavalier
28:38 Wheelbarrow
27:53 Town Watch
29:28 Heavy Plow
29:51 Fletching
34:25 Imperial Age
32:41 Hand Cart
33:35 Forging
34:32 Husbandry
40:15 Iron Casting
39:19 Pikeman
39:39 Light Cavalry
41:29 Bodkin Arrow
42:40 Bracer
45:28 Onager
52:41 Herbal Medicine
54:09 Hussar
Tenamaxtli
7:18 Loom
8:11 Loom
10:29 Feudal Age
14:39 Castle Age
13:18 Double-Bit Axe
14:01 Fletching
16:32 Wheelbarrow
20:50 Bodkin Arrow
21:47 Padded Archer Armor
24:16 Ballistics
26:33 Leather Archer Armor
26:29 Horse Collar
36:32 Imperial Age
37:47 Bracer
38:50 Chemistry
38:14 Curare
38:10 Elite Blackwood Archer
40:55 Conscription
41:09 Ring Archer Armor
42:12 Scale Mail Armor
43:08 Chain Mail Armor
43:02 Caciques
44:00 Champi Runner
44:28 Arson
44:43 Squires
44:38 Champi Warrior
45:58 Plate Mail Armor
45:39 Forging
45:20 Elite Champi Warrior
53:09 Hand Cart
53:07 Bow Saw
52:58 Heavy Plow
Carlos
14:06 Feudal Age
14:31 Horse Collar
14:40 Double-Bit Axe
16:07 Wheelbarrow
16:07 Stone Mining
21:02 Castle Age
22:03 Hand Cart
22:28 Bow Saw
22:16 Loom
27:41 Stone Shaft Mining
27:38 Gold Mining
28:47 Husbandry
29:38 Gold Shaft Mining
33:13 Bloodlines
34:39 Scale Barding Armor
34:45 Forging
36:05 Iron Casting
39:05 Town Watch
41:27 Town Patrol
42:09 Chain Barding Armor
41:50 Scale Mail Armor
50:12 Imperial Age
49:56 Ballistics
49:49 Fortified Wall
49:38 Murder Holes
49:29 Light Cavalry
51:05 Double Crossbow
51:26 Conscription
52:12 Chemistry
50:54 Heavy Scorpion
52:33 Siege Engineers
Connection lost

Rejoining the realm…

Still unreachable

The connection could not be restored.

Session expired

The server has moved on; the page needs a fresh start.